 Dungeon Crawl Stone Soup version bcrawl-1.21 (webtiles) character file.

Game seed: 12985967246660849464

470 Freyura the Cudgeler (level 6, -2/48 HPs)
             Began as a Demonspawn Gladiator on Feb 10, 2020.
             Was an Initiate of Gozag.
             Splashed by a jelly's acid (9 damage)
             ... on level 5 of the Dungeon.
             The game lasted 00:09:07 (4033 turns).

Freyura the Cudgeler (Demonspawn Gladiator)         Turns: 4033, Time: 00:09:08

Health: -2/48      AC:  0    Str: 14    XL:     6   Next: 82%
Magic:  6/6        EV: 17    Int: 10    God:    Gozag
Gold:   552        SH:  0    Dex: 16    Spells: 5/5 levels left

rFire    . . .     SeeInvis .   a - +1 flail
rCold    . . .     Gourm    .   (no shield)
rNeg     . . .     Faith    .   b - +1 leather armour
rPois    .         Spirit   .   (helmet restricted)
rElec    .         Reflect  .   j - scarf {repulsion}
rCorr    .         Harm     .   (no gloves)
MR       .....                  (no boots)
Stlth    +.........             m - amulet of magic regeneration
HPRegen  0.16/turn              (no ring)
MPRegen  0.35/turn              (no ring)

@: lethally poisoned (-2 -> -3), corroded, gold aura, repel missiles
A: antennae 2, repulsion field 2, demonic guardian 1
a: Potion Petition, Call Merchant, Bribe Branch, Renounce Religion


You were on level 5 of the Dungeon.
You worshipped Gozag.
Gozag was pleased with you.
You were not hungry.

You visited 1 branch of the dungeon, and saw 5 of its levels.

You collected 564 gold pieces.
You paid 12 gold pieces to Gozag.

Inventory:

Hand Weapons
 a - a +1 flail (weapon)
Missiles
 d - 3 throwing nets (quivered) {!f}
Armour
 b - a +1 leather armour (worn)
 j - a scarf of repulsion (worn)
Jewellery
 m - an amulet of magic regeneration (around neck)
Wands
 p - a wand of clouds (8)
Scrolls
 c - a scroll of fear
 f - a scroll of amnesia
 h - a scroll of enchant weapon
 i - 2 scrolls of magic mapping
 n - 2 scrolls of enchant armour
 q - a scroll of immolation {unknown}
 s - a scroll of identify
Potions
 g - a potion of lignification {unknown}
 k - 4 potions of curing
 l - a potion of ambrosia {unknown}
 o - 2 potions of heal wounds
 r - a potion of haste {unknown}
Comestibles
 e - 2 rations {!d}


   Skills:
 + Level 3.7 Fighting
 * Level 4.9 Maces & Flails
 - Level 1.7 Throwing
 + Level 2.5 Armour
 + Level 3.9 Dodging


You had 5 spell levels left.
You didn't know any spells.
Your spell library was empty.

Dungeon Overview and Level Annotations

Branches:
Dungeon (5/12)
 Temple: D:4-7

Altars:
Cheibriados
Gozag
Kikubaaqudgha

Annotations:
D:3 2 transporters, SirMumm's ghost, amateur GrWz


Innate Abilities, Weirdness & Mutations

You have a pair of antennae on your head.
You are surrounded by a moderate repulsion field. (EV +3)
A weak demonic guardian rushes to your aid.


Message History

You feel sick.
A centaur skeleton comes into view.
The adder bites you. The adder bites you but does no damage.
You thump the adder!
You kill the adder!
You hit the jelly. The acid corrodes you!
Your hands burn!
The jelly is lightly wounded.
The centaur skeleton becomes distracted by the nearby gold, dreaming of imaginary riches.
The jelly hits you.
You are splashed with acid!
* * * LOW HITPOINT WARNING * * *
You hit the jelly but do no damage.
Your hands burn!
* * * LOW HITPOINT WARNING * * *
The jelly is lightly wounded.
You feel sick.
The centaur skeleton is no longer distracted by gold.
The jelly hits you.
* * * LOW HITPOINT WARNING * * *
You are splashed with acid!
You die...
Your body crumbles into a pile of gold.

###$...⌠....###
#.............#
....8...8....
......?..Z.
#...8...#
#.....# #.5.#
###J# #.#@##
#..5.# #....#
#.#.## #...##.#
#......#
#..##### #..#
#..#


You could see a jelly, a crimson imp, a centaur skeleton and a friendly
ufetubus.

Vanquished Creatures
  A water moccasin (D:4)
  2 jellies
  A hound (D:4)
  An orc priest (D:4)
  3 orc wizards (D:4)
  An iguana (D:4)
  5 adders
  3 oozes
  A worm (D:2)
  2 dart slugs
  10 leopard geckos
  11 orcs
  2 giant cockroaches (D:1)
  7 goblins
  4 hobgoblins
  9 jackals
  10 kobolds
  A ball python (D:1)
  4 bats
  4 frilled lizards
  7 rats
89 creatures vanquished.

Vanquished Creatures (collateral kills)
  An orc (D:4)
1 creature vanquished.

Grand Total: 90 creatures vanquished

Notes
Turn   | Place    | Note
-------+----------+-------------------------------------------
     0 | D:1      | Freyura the Demonspawn Gladiator began the quest for the
                  | Orb.
     0 | D:1      | Reached XP level 1. HP: 16/16 MP: 1/1
   101 | D:1      | Reached skill level 3 in Maces & Flails
   101 | D:1      | Gained mutation: A weak demonic guardian rushes to your
                  | aid. [demonic ancestry]
   101 | D:1      | Reached XP level 2. HP: 18/22 MP: 2/2
   585 | D:1      | Gained mutation: You have a pair of small antennae on your
                  | head. [demonic ancestry]
   585 | D:1      | Reached XP level 3. HP: 28/28 MP: 3/3
   675 | D:1      | Reached skill level 1 in Armour
   877 | D:2      | Found a snail-covered altar of Cheibriados.
   955 | D:2      | Found a faded altar of an unknown god.
  1109 | D:2      | Found an opulent altar of Gozag.
  1154 | D:2      | Became a worshipper of Gozag Ym Sagoz the Greedy
  1194 | D:2      | Gained mutation: You are surrounded by a mild repulsion
                  | field. (EV +2) [demonic ancestry]
  1194 | D:2      | Reached XP level 4. HP: 23/34 MP: 4/4
  1945 | D:3      | Found a transporter.
  1950 | D:3      | Noticed SirMumm's ghost (amateur GrWz)
  2367 | D:3      | Found a transporter.
  2664 | D:4      | Noticed a water moccasin
  2680 | D:4      | Killed a water moccasin
  2680 | D:4      | Reached skill level 4 in Maces & Flails
  2680 | D:4      | Gained mutation: You have a pair of antennae on your head.
                  | [demonic ancestry]
  2680 | D:4      | Reached XP level 5. HP: 7/41 MP: 5/5
  3034 | D:4      | Found an ancient bone altar of Kikubaaqudgha.
  3086 | D:4      | Gained mutation: You are surrounded by a moderate repulsion
                  | field. (EV +3) [demonic ancestry]
  3086 | D:4      | Reached XP level 6. HP: 37/47 MP: 6/6
  3957 | D:5      | Entered Level 5 of the Dungeon
  4033 | D:5      | Splashed by a jelly's acid

Skill      XL: |  1  2  3  4  5 |
---------------+----------------+-----
Maces & Flails | 3 4 |  4.9
Dodging        | 3 |  3.9
Armour         | 1 2 |  2.5
Fighting       | 3 |  3.7
Throwing       | |  1.7

Action                   |  1- 3 |  4- 6 || total
-------------------------+-------+-------++-------
Melee: Flail             |   110 |   193 ||   303
  Use: Scroll            |       |     8 ||     8
       Potion            |       |     1 ||     1
 Stab: Sleeping          |     1 |       ||     1
       Distracted        |       |     3 ||     3
  Eat: Chunk             |     1 |       ||     1
       Ration            |       |     3 ||     3
Armor: Leather armour    |    18 |    24 ||    42
Dodge: Dodged            |    70 |   169 ||   239
       Deflected         |     1 |     3 ||     4
